Map: [ESL] Royal Blood

Players

PattyMac - Winner!

  • Race: Protoss Protoss
  • Spawn Location: 7:00

Vindicta

  • Race: Terran Terran
  • Spawn Location: 1:00

Event: ESL SC2 Masters 2023 Summer (Regionals)

VOD

Have the link to the VOD?

Description

Time

  • Played on: May 13, 2023, 3:52 p.m.
  • Length: 8:51

All games in this series

Show
View Real Time Build Order
Export as new Build Order

PattyMac Protoss - Winner!

Build Orders: 1 Gate Expand, Blink Stalkers 

Get SALT Encoding   

  12  0:00  Probe  
  13  0:12  Probe  
  14  0:16  Pylon  
  14  0:24  Probe (Chrono Boost)  
  16  0:36  Gateway, Probe (Chrono Boost)  
  16  0:42  Probe (Chrono Boost)  
  16  0:45  Assimilator  
  17  0:51  Probe  
  18  1:00  Gateway  
  18  1:03  Probe  
  19  1:23  Cybernetics Core  
  19  1:37  Nexus  
  19  1:44  Pylon  
  19  1:47  Probe  
  20  1:59  Adept (Chrono Boost)  
  20  2:00  Warp Gate  
  22  2:05  Adept (Chrono Boost)  
  22  2:06  Probe  
  25  2:11  Assimilator  
  25  2:18  Probe  
  25  2:21  Adept (Chrono Boost)  
  28  2:27  Adept  
  30  2:38  Probe  
  31  2:48  Twilight Council  
  31  2:50  Probe (Chrono Boost)  
  33  2:53  Probe (Chrono Boost)  
  33  3:01  Probe (Chrono Boost)  
  33  3:05  Probe (Chrono Boost)  
  35  3:06  Probe (Chrono Boost)  
  35  3:11  Robotics Facility  
  36  3:14  Probe (Chrono Boost)  
  36  3:16  Probe (Chrono Boost)  
  38  3:20  Pylon  
  39  3:28  Probe (Chrono Boost)  
  39  3:29  Blink (Chrono Boost)  
  39  3:32  Probe (Chrono Boost)  
  40  3:35  Probe (Chrono Boost)  
  40  3:38  Probe (Chrono Boost)  
  42  3:42  Probe  
  43  3:50  Probe, Gateway  
  43  3:51  Gateway  
  43  3:54  Pylon  
  44  3:59  Probe, Observer (Chrono Boost)  
  46  4:03  Stalker  
  46  4:06  Stalker  
  46  4:07  Probe  
  51  4:11  Assimilator  
  51  4:15  Probe  
  52  4:17  Pylon  
  52  4:25  Warp Prism  
  54  4:34  Stalker x2  
  56  4:40  Probe  
  56  4:44  Probe  
  52  4:48  Stalker x2  
  52  4:50  Shield Battery  
  52  4:52  Probe  
  57  4:59  Pylon  
  57  5:00  Stalker  
  59  5:11  Probe  
  60  5:21  Pylon  
  60  5:23  Stalker x4  
  60  5:27  Probe  
  67  5:41  Nexus  
  66  5:45  Assimilator  
  66  5:47  Stalker x2  
  66  5:49  Stalker  
  71  5:55  Probe x2  
  69  6:13  Charge  
  69  6:17  Probe  
  70  6:19  Templar Archives  
  70  6:21  Gateway  
  70  6:22  Gateway, Probe  
  71  6:25  Gateway  
  71  6:26  Gateway  
  71  6:29  Gateway  
  71  6:36  Psionic Storm  
  71  6:42  Zealot x3  
  71  6:43  Observer (Chrono Boost)  
  78  6:48  Pylon  
  78  6:51  Gateway  
  78  6:55  Zealot  
  80  7:16  High Templar x2  
  80  7:17  Zealot x2  
  80  7:18  Zealot x2  
  80  7:19  Probe x3  
  93  7:26  Shield Battery  
  91  7:30  High Templar  
  91  7:31  Probe x2  
  91  7:36  Zealot x2  
  98  7:37  Probe  
  98  7:43  Zealot x2  
  102  7:45  Probe x2  
  104  7:53  Probe  
  105  7:58  High Templar x2  
  109  8:09  Pylon  
  109  8:10  Pylon  
  109  8:12  Pylon  
  109  8:28  Zealot x4  
  109  8:29  Zealot x4  
  125  8:35  Zealot x2  
  129  8:46  Archon  
Show
View Real Time Build Order
Export as new Build Order

Vindicta Terran 

Build Orders:  

Get SALT Encoding   

  12  0:01  SCV  
  13  0:13  SCV  
  14  0:17  Supply Depot  
  14  0:25  SCV  
  15  0:39  SCV  
  15  0:41  Barracks  
  16  0:45  Refinery  
  16  0:51  SCV  
  16  0:53  Refinery  
  17  1:03  SCV  
  18  1:15  SCV  
  19  1:28  Orbital Command  
  19  1:29  Reaper  
  20  1:37  Supply Depot  
  20  1:43  Factory  
  20  1:54  SCV  
  21  2:01  Barracks Reactor  
  21  2:06  SCV  
  22  2:18  SCV  
  22  2:22  Command Center  
  23  2:27  Widow Mine  
  25  2:30  SCV  
  25  2:36  Supply Depot  
  26  2:37  Marine  
  26  2:39  Marine  
  26  2:42  SCV  
  29  2:54  Factory Tech Lab  
  29  2:55  Starport, Marine  
  29  2:57  Marine  
  30  3:06  SCV  
  30  3:12  Marine  
  31  3:14  Siege Tank  
  31  3:15  Marine  
  31  3:18  SCV  
  37  3:33  Medivac  
  39  3:34  Barracks  
  39  3:36  Orbital Command  
  39  3:39  Marine  
  40  3:42  Marine  
  40  3:43  SCV  
  42  3:55  SCV  
  42  3:58  Factory Tech Lab, Marine  
  42  3:59  Orbital Command  
  44  4:03  Barracks  
  44  4:11  Raven  
  44  4:12  SCV, Marine  
  48  4:19  Supply Depot  
  48  4:24  SCV  
  48  4:26  SCV  
  50  4:34  Siege Tank, Marine x2  
  53  4:40  SCV  
  53  4:41  SCV  
  53  4:52  SCV, Marine  
  54  4:53  SCV  
  54  4:54  Stimpack  
  54  4:58  Bunker  
  55  5:01  Marine  
  55  5:02  Supply Depot  
  55  5:03  Barracks Tech Lab  
  55  5:04  SCV  
  55  5:06  SCV  
  58  5:10  Supply Depot  
  57  5:14  Siege Tank  
  57  5:17  SCV  
  57  5:18  Refinery, Marine  
  62  5:24  SCV  
  62  5:27  Marauder x2  
  67  5:29  SCV  
  67  5:34  Supply Depot  
  66  5:36  SCV, Marine  
  66  5:38  Starport Reactor  
  66  5:40  Engineering Bay  
  66  5:42  SCV  
  68  5:46  Refinery  
  68  5:49  Combat Shield  
  68  5:51  Marine x2  
  68  5:52  Marauder  
  68  5:56  Marine  
  73  5:57  Supply Depot  
  73  5:59  SCV  
  73  6:01  SCV  
  75  6:07  Siege Tank  
  75  6:09  Marine  
  75  6:10  Marauder  
  76  6:11  SCV  
  76  6:15  SCV  
  78  6:19  Marine  
  76  6:27  Marine  
  76  6:28  SCV x2  
  76  6:31  Terran Infantry Weapons Level 1  
  76  6:32  Marine  
  81  6:35  Concussive Shells  
  81  6:37  Missile Turret x2  
  79  6:40  Supply Depot  
  79  6:42  Marauder  
  79  6:46  Marine x2  
  84  6:48  Medivac  
  84  6:58  Marine  
  84  6:59  Command Center  
  85  7:04  SCV x2  
  86  7:10  Viking  
  86  7:17  SCV  
  86  7:19  Marauder x2  
  91  7:23  Marine x2  
  93  7:37  Barracks  
  93  7:38  Barracks  
  93  7:39  Ghost Academy  
  93  7:40  Marine  
  93  7:41  Marauder  
  93  7:43  Factory Reactor  
  93  7:44  SCV  
  97  7:45  SCV  
  97  7:48  Marine  
  99  7:53  Viking  
  99  7:56  SCV  
  102  8:01  Supply Depot  
  102  8:02  Supply Depot  
  102  8:10  Ghost  
  102  8:11  SCV x2, Marauder, Medivac  
  110  8:21  Bunker  
  110  8:23  SCV x2  
  111  8:28  Barracks Tech Lab, Barracks Reactor  
  113  8:35  SCV x2  
Tags
 
Add a new tag
Caveats
  • Supply blocks, unpowered buildings, or Contaminate may cause inaccurate times.
  • Supply counts are checked every 10 seconds.